AoeStats
← fepe.eltala

African Clearing

505994078Analyzed
3v3 RM · 21d ago on Sep 12, 2026· 33m 1s· 6 players
Game mode
Random Map
Map size
Normal (6 player)
Population
200
Speed
Normal
Resources
Standard
Victory
Conquest
Starting age
Dark Age
Ending age
Imperial Age
RankedLock teamsTeams togetherTeam positionsShared explorationLock speedFull tech treeHidden civsTurbo modeCheats
Victory
Defeat
🇦🇷 Portuguese · Argentina
1137
+15
🇪🇸 Berbers · Spain
1105
+17
🇦🇷 Bulgarians · Argentina
1104
+17
🇦🇷 Vikings · Argentina
1130
-17
🇦🇷 Burmese · Argentina
1130
-17
🇦🇷 Italians · Argentina
1100
-15
Mike Litoris
3:29 Loom
13:26 Feudal Age
13:58 Double-Bit Axe
13:57 Horse Collar
15:38 Forging
21:37 Scale Barding Armor
23:56 Castle Age
22:32 Fletching
23:45 Bloodlines
25:45 Iron Casting
25:22 Bow Saw
25:13 Heavy Plow
25:35 Husbandry
27:45 Bodkin Arrow
31:32 Chain Barding Armor
Mucho Stilo
11:18 Loom
13:24 Feudal Age
18:03 Castle Age
15:54 Double-Bit Axe
16:07 Gold Mining
18:02 Fletching
18:54 Bow Saw
20:04 Crossbowman
26:50 Bodkin Arrow
27:56 Horse Collar
29:05 Padded Archer Armor
Ester Miño
9:42 Loom
12:36 Feudal Age
13:30 Double-Bit Axe
14:18 Forging
14:33 Scale Barding Armor
25:05 Castle Age
25:09 Town Watch
25:08 Light Cavalry
26:10 Chain Barding Armor
26:24 Bloodlines
27:10 Iron Casting
29:38 Husbandry
29:35 Stone Mining
30:56 Fletching
fepe.eltala
7:17 Loom
12:06 Feudal Age
15:08 Double-Bit Axe
16:20 Gold Mining
19:50 Fletching
25:40 Padded Archer Armor
rafa
6:12 Loom
16:00 Feudal Age
21:09 Castle Age
20:39 Man-at-Arms
29:29 Scale Mail Armor
29:17 Arson
29:18 Gambesons
eltetedehaedo
10:06 Loom
13:53 Feudal Age
21:47 Castle Age
21:53 Stone Mining
26:18 Fletching
31:18 Bodkin Arrow
32:10 Town Watch
Connection lost

Rejoining the realm…

Still unreachable

The connection could not be restored.

Session expired

The server has moved on; the page needs a fresh start.